 Dungeon Crawl Stone Soup version 0.28.0-47-ge53b351184 (webtiles) character file.

Game seed: 8965856554709406939

248 bobregger the Skirmisher (level 6, -5/67 HPs)
             Began as an Ogre Berserker on Apr 29, 2022.
             Was a Believer of Trog.
             Slain by a killer bee (6 damage)
             ... on level 4 of the Dungeon.
             The game lasted 00:03:44 (3970 turns).

bobregger the Skirmisher (Ogre Berserker)           Turns: 3970, Time: 00:03:45

Health: -5/67      AC:  3    Str: 22    XL:     6   Next: 12%
Magic:  6/6        EV: 10    Int:  8    God:    Trog [**....]
Gold:   148        SH:  0    Dex: 10    Spells: 5/5 levels left

rFire   . . .      SeeInvis .   a - +0 mace
rCold   . . .      Faith    .   (no shield)
rNeg    . . .      Spirit   .   b - +0 animal skin
rPois   .          Reflect  .   (helmet restricted)
rElec   .          Harm     .   (no cloak)
rCorr   .          Rampage  .   (gloves unavailable)
Will    .....                   (boots unavailable)
Stlth   +.........              (no amulet)
HPRegen 0.21/turn               (no ring)
MPRegen 0.10/turn               (no ring)

@: lethally poisoned (-5 -> -33)
A: large, unfitting armour, tough skin 1
a: Renounce Religion, Berserk, Trog's Hand


You were on level 4 of the Dungeon.
You worshipped Trog.
Trog was pleased with you.
You visited 1 branch of the dungeon, and saw 4 of its levels.

You collected 148 gold pieces.

Inventory:

Hand Weapons
 a - a +0 mace (weapon)
Armour
 b - a +0 animal skin (worn)
Jewellery
 e - a +4 ring of protection
Scrolls
 c - 4 scrolls of identify {unknown}
 i - 2 scrolls of fear {unknown}
 j - a scroll of magic mapping {unknown}
 k - 2 scrolls of immolation {unknown}
Potions
 d - a potion of degeneration {unknown}
 f - 2 potions of haste {unknown}
 g - a potion of heal wounds {unknown}
 h - a potion of ambrosia {unknown}


   Skills:
 * Level 6.3 Fighting
 + Level 3.6 Maces & Flails
 * Level 4.3 Dodging


You had 5 spell levels left.
You didn't know any spells.
Your spell library was empty.

Dungeon Overview and Level Annotations

Branches:
Dungeon (4/15)
 Temple: D:4-7

Altars:


Innate Abilities, Weirdness & Mutations

You are too large for most types of armour.
You have tough skin. (AC +1)


Message History

You barely miss the adder skeleton.
The killer bee buzzes angrily.
A killer bee comes into view.
The adder skeleton barely misses you. The killer bee stings you.
The killer bee buzzes angrily. x2
You sock the killer bee!
The killer bee is heavily wounded.
The killer bee stings you. The killer bee stings you!
A giant cockroach comes into view.
You hit the killer bee.
The killer bee is severely wounded.
The killer bee stings you.
You are poisoned.
The killer bee poisons you!
The killer bee stings you but does no damage.
The killer bee stings you. The killer bee closely misses you.
An adder skeleton comes into view.
The killer bee stings you. The killer bee stings you!
The killer bee barely misses you. The killer bee closely misses you.
You feel sick. The killer bee stings you! The killer bee stings you.
* * * LOW HITPOINT WARNING * * *
You see here a +0 helmet.
You feel sick. The killer bee completely misses you. The killer bee stings you.
* * * LOW HITPOINT WARNING * * *
You are more poisoned.
The killer bee poisons you! The killer bee stings you.
* * * LOW HITPOINT WARNING * * *
You are more poisoned.
The killer bee poisons you! The killer bee stings you.
* * * LOW HITPOINT WARNING * * *
You are more poisoned.
The killer bee poisons you!
Welcome back, bobregger the Ogre Berserker.
Trog says: Kill them all!
Press ? for a list of commands and other information.
* * * LOW HITPOINT WARNING * * *
You feel extremely sick. The killer bee misses you.
The killer bee closely misses you. The killer bee stings you.
You die...

#.............#
#.............#
#.............#
#....B........#
#....Z........#
#..[..........#
#..y[.........#
#yyyy..†......#
#..@y.........#
#.............#
#.<...........+
#.............#
#.............#
#.............#
###############


You could see 6 killer bees, a giant cockroach and an adder skeleton.

Vanquished Creatures
  A phantom (D:3)
  A hound (D:3)
  A jelly (D:4)
  2 gnolls (D:1)
  An adder (D:3)
  A worm (D:2)
  4 dart slugs
  An orc (D:3)
  8 ball pythons
  7 bats
  6 endoplasms
  4 giant cockroaches
  5 goblins
  3 hobgoblins (D:1)
  5 jackals
  4 kobolds
  5 quokkas
  5 frilled lizards
  3 rats
67 creatures vanquished.

Notes
Turn   | Place    | Note
-------+----------+-------------------------------------------
     0 | D:1      | bobregger the Ogre Berserker began the quest for the Orb.
     0 | D:1      | Reached XP level 1. HP: 24/24 MP: 1/1
   280 | D:1      | Reached XP level 2. HP: 32/32 MP: 2/2
   553 | D:1      | Reached XP level 3. HP: 30/40 MP: 3/3
  1246 | D:1      | Reached skill level 5 in Fighting
  1824 | D:2      | Reached XP level 4. HP: 46/50 MP: 4/4
  2094 | D:2      | Reached ** piety under Trog
  2185 | D:2      | Found a faded altar of an unknown god.
  2570 | D:2      | You fall into a shaft and drop 1 floor!
  3083 | D:3      | Reached XP level 5. HP: 48/58 MP: 5/5
  3513 | D:3      | Noticed a phantom
  3527 | D:3      | Killed a phantom
  3528 | D:3      | Reached skill level 6 in Fighting
  3947 | D:4      | Reached XP level 6. HP: 58/67 MP: 6/6
  3970 | D:4      | HP: 1/67 [poisoned by a killer bee]
  3970 | D:4      | Slain by a killer bee

Illustrated notes

Levels and vault maps discovered:
D:1:      eino_arrival_tree_alley, layout_basic, minmay_pentomino_s2
D:2:      layout_basic, shapermc_ecumenical_altar_venn, minmay_tiny_reverse_x
D:3:      layout_loops_ring, minivault_5
D:4:      layout_gridville, nicolae_dithmenos_the_darkroom, dk_rats_in_the_wall

Skill      XL: |  1  2  3  4  5 |
---------------+----------------+-----
Dodging        | 3 4 |  4.3
Maces & Flails | 3 |  3.6
Fighting       | 5 6 |  6.3

Action                   |  1- 3 |  4- 6 || total
-------------------------+-------+-------++-------
Melee: Mace              |    96 |   134 ||   230
       Punch             |     1 |       ||     1
Invok: Berserk           |     2 |     1 ||     3
 Stab: Sleeping          |       |     1 ||     1
Armor: Animal skin       |    44 |    50 ||    94
Dodge: Dodged            |    74 |   104 ||   178
